AoeStats
← Agus Talleres 2

Arena

510469485Analyzed
4v4 RM · 2d ago on Oct 1, 2026· 38m 57s· 8 players
Game mode
Random Map
Map size
Large (8 player)
Population
200
Speed
Normal
Resources
Standard
Victory
Conquest
Starting age
Dark Age
Ending age
Imperial Age
RankedLock teamsTeams togetherTeam positionsShared explorationLock speedFull tech treeHidden civsTurbo modeCheats
Victory
Defeat
🇦🇷 Spanish · Argentina
1405
+10
🇦🇷 Franks · Argentina
1290
+14
🇦🇷 Persians · Argentina
1056
+23
🇺🇾 Khmer · Uruguay
1045
+25
🇨🇱 Gurjaras · Chile
1326
-21
🇺🇸 Italians · United States
1234
-18
🇨🇳 Armenians · China
1217
-17
🇮🇳 Lithuanians · India
1192
-16
Pikachu
10:06 Feudal Age
11:21 Double-Bit Axe
13:57 Castle Age
13:05 Horse Collar
20:07 Loom
23:54 Wheelbarrow
24:31 Stone Mining
28:40 Imperial Age
27:30 Fletching
27:41 Padded Archer Armor
28:08 Bodkin Arrow
28:54 Hand Cart
29:07 Leather Archer Armor
30:21 Chemistry
30:30 Gold Mining
31:05 Ballistics
31:49 Bracer
32:19 Ring Archer Armor
32:24 Forging
32:19 Scale Barding Armor
33:45 Elite Genoese Crossbowman
35:23 Iron Casting
feto
9:43 Feudal Age
13:46 Castle Age
12:05 Double-Bit Axe
16:07 Horse Collar
19:06 Loom
21:05 Wheelbarrow
20:28 Town Watch
22:50 Stone Mining
24:42 Gold Mining
26:10 Hand Cart
28:37 Imperial Age
26:24 Scale Barding Armor
27:05 Bloodlines
28:12 Chain Barding Armor
28:41 Heavy Plow
28:52 Bow Saw
29:10 Kshatriyas
29:40 Heavy Camel Rider
30:46 Forging
31:15 Gold Shaft Mining
31:00 Husbandry
32:23 Iron Casting
33:37 Frontier Guards
suny619
4:37 Loom
10:12 Feudal Age
14:28 Castle Age
15:54 Double-Bit Axe
16:03 Horse Collar
20:24 Bow Saw
20:47 Town Watch
23:37 Wheelbarrow
23:13 Scale Barding Armor
23:19 Forging
24:51 Bloodlines
24:41 Husbandry
29:22 Imperial Age
32:25 Town Watch
33:32 Elite Skirmisher
34:55 Conscription
35:20 Fletching
35:33 Scale Mail Armor
36:51 Bodkin Arrow
37:13 Chain Mail Armor
37:22 Chain Barding Armor
37:43 Heavy Plow
38:27 Tower Shields
Wololo
11:46 Feudal Age
15:43 Castle Age
14:31 Double-Bit Axe
15:30 Horse Collar
19:41 Loom
20:29 Fletching
21:31 Bow Saw
23:43 Gold Mining
24:48 Heavy Plow
25:27 Wheelbarrow
24:38 Town Watch
26:03 Bodkin Arrow
32:23 Imperial Age
29:34 Man-at-Arms
30:00 Gambesons
30:37 Scale Mail Armor
30:47 Forging
31:07 Forging
31:08 Squires
30:53 Arson
31:26 Padded Archer Armor
31:41 Chain Mail Armor
31:29 Long Swordsman
33:05 Chain Mail Armor
33:26 Iron Casting
33:10 Two-Handed Swordsman
37:00 Iron Casting
37:41 Conscription
38:29 Plate Mail Armor
cekiel aca t ala dilolio
0:44 Loom
10:20 Feudal Age
16:24 Castle Age
14:54 Double-Bit Axe
15:20 Horse Collar
15:51 Gold Mining
17:35 Bow Saw
20:42 Wheelbarrow
20:23 Heavy Plow
21:16 Stone Mining
27:46 Imperial Age
26:02 Forging
25:57 Scale Barding Armor
26:38 Gold Shaft Mining
26:55 Fervor
27:39 Iron Casting
28:27 Conscription
29:36 Chain Barding Armor
30:16 Blast Furnace
31:43 Two-Man Saw
31:16 Sappers
31:16 Sappers
35:14 Crop Rotation
38:10 Hand Cart
Polenta
10:53 Feudal Age
11:41 Double-Bit Axe
14:27 Castle Age
13:05 Loom
15:24 Bow Saw
19:59 Wheelbarrow
19:28 Loom
21:02 Gold Mining
21:40 Stone Mining
26:41 Imperial Age
24:38 Forging
24:35 Scale Mail Armor
25:16 Hand Cart
25:49 Chain Mail Armor
26:03 Fortified Wall
26:20 Squires
26:19 Pikeman
27:31 Forging
27:16 Halberdier
29:01 Chemistry
29:18 Plate Mail Armor
30:40 Iron Casting
32:57 Siege Engineers
34:32 Caravan
35:18 Town Watch
35:45 Masonry
35:16 Treadmill Crane
36:30 Gambesons
36:38 Onager
37:59 Ballistics
38:09 Architecture
Agus Talleres 2
10:37 Feudal Age
14:21 Castle Age
13:27 Loom
17:07 Horse Collar
17:14 Double-Bit Axe
25:32 Padded Archer Armor
29:14 Imperial Age
28:02 Leather Archer Armor
27:40 Gold Mining
31:41 Ring Archer Armor
33:31 Fletching
34:19 Elite Skirmisher
[LOPDA] Carpincho Uruguayo
5:09 Loom
13:04 Feudal Age
16:09 Castle Age
19:42 Wheelbarrow
18:53 Town Watch
19:58 Town Patrol
21:04 Double-Bit Axe
21:40 Horse Collar
25:56 Bow Saw
28:54 Imperial Age
28:13 Hand Cart
28:08 Heavy Plow
28:00 Gold Mining
28:02 Stone Mining
28:58 Bloodlines
29:56 Husbandry
29:19 Cavalier
31:40 Gold Shaft Mining
31:41 Stone Shaft Mining
31:35 Forging
31:31 Scale Barding Armor
33:07 Iron Casting
34:00 Chain Barding Armor
36:00 Blast Furnace
35:28 Fletching
35:38 Padded Archer Armor
37:28 Plate Barding Armor
36:56 Padded Archer Armor
36:47 Fletching
Connection lost

Rejoining the realm…

Still unreachable

The connection could not be restored.

Session expired

The server has moved on; the page needs a fresh start.